 Dungeon Crawl Stone Soup version 0.28-a0-533-g9f97627e2a (webtiles) character file.

Game seed: 158377486889902547

17 timneilson the Shield-Bearer (level 2, -1/19 HPs)
             Began as a Gargoyle Fighter on Sept 26, 2021.
             Slain by Natasha (5 damage)
             ... on level 2 of the Dungeon.
             The game lasted 00:01:03 (749 turns).

timneilson the Shield-Bearer (Gargoyle Fighter)      Turns: 749, Time: 00:01:04

Health: -1/19      AC:  9    Str: 19    XL:     2   Next: 62%
Magic:  2/2        EV:  9    Int:  8    God:
Gold:   19         SH:  4    Dex:  9    Spells: 1/1 levels left

rFire   . . .      SeeInvis .   a - +0 long sword
rCold   . . .      Faith    .   c - +0 buckler
rNeg    + . .      Spirit   .   b - +0 scale mail
rPois   ∞          Reflect  .   (no helmet)
rElec   +          Harm     .   (no cloak)
rCorr   .          Rampage  .   (no gloves)
Will    .....                   (no boots)
Stlth   ..........              (no amulet)
HPRegen 0.06/turn               (no ring)
MPRegen 0.08/turn               (no ring)

@: slowed, very slow
A: sickness immunity, AC +2, negative energy resistance 1, electricity
resistance, torment resistance 1, petrification resistance
a: no special abilities


You were on level 2 of the Dungeon.
You visited 1 branch of the dungeon, and saw 2 of its levels.

You collected 19 gold pieces.

Inventory:

Hand Weapons
 a - a +0 long sword (weapon)
Armour
 b - a +0 scale mail (worn)
 c - a +0 buckler (worn)
Potions
 d - a potion of might
 e - 2 potions of magic


   Skills:
 + Level 3.3 Fighting
 * Level 2.1 Long Blades
 * Level 3.5 Armour
 + Level 0.3 Dodging
 * Level 3.5 Shields


You had one spell level left.
You didn't know any spells.
Your spell library was empty.

Dungeon Overview and Level Annotations

Branches:
Dungeon (2/15)

Altars:

Annotations:
D:2 Natasha


Innate Abilities, Weirdness & Mutations

You are immune to sickness and miasma.
Your stone body is resilient. (AC +2)
You are immune to poison.
You resist negative energy. (rN+)
You are resistant to electric shocks. (rElec)
You are resistant to unholy torment.
You are immune to petrification.


Message History

You open the door.
A rat comes into view.
There is an open door here.
You closely miss the rat. The rat completely misses you.
You closely miss the rat. The rat misses you.
You hit the rat.
You kill the rat!
You see here a rat corpse.
You open the large door.
There is a large open door here.
A kobold, Natasha and a dart slug come into view.
Natasha hisses angrily.
The dart slug launches a dart at you.
The slug dart hits you but does no damage.
There is a large open door here.
There is a large open door here.
You hit Natasha but do no damage.
Natasha casts a spell.
You block Natasha's attack.
You hit Natasha.
Natasha is moderately wounded.
Natasha casts a spell at you. The magic dart hits you.
You closely miss Natasha.
Natasha is moderately wounded.
Natasha claws you.
Your scale mail prevents you from hitting Natasha.
Natasha is moderately wounded.
Natasha casts a spell at you.
You feel yourself slow down. Natasha claws you.
* * * LOW HITPOINT WARNING * * *
You completely miss Natasha.
Natasha is moderately wounded.
Natasha barely misses you. Natasha claws you but does no damage.
You miss Natasha.
Natasha is moderately wounded.
Natasha claws you.
* * * LOW HITPOINT WARNING * * *
The crimson imp blinks!
Natasha claws you.
You die...

.'.'...........#
.###...........#
......#
..##########'###
......# ..# #.#
....... #.# #†#
....... ..# #.#
....... ###
#######.#### .......
...........##§......
...........@hK......
...........##w......
...........# .......
############ ....###
....# ###.# .# #


You could see Natasha, a dart slug and a kobold.

Vanquished Creatures
  An adder (D:2)
  A ball python (D:1)
  An endoplasm (D:1)
  A kobold (D:1)
  A bat (D:1)
  A frilled lizard (D:2)
  4 rats
10 creatures vanquished.

Notes
Turn   | Place    | Note
-------+----------+-------------------------------------------
     0 | D:1      | timneilson the Gargoyle Fighter began the quest for the
                  | Orb.
     0 | D:1      | Reached XP level 1. HP: 14/14 MP: 1/1
    15 | D:1      | Noticed a great orb of eyes
    17 | D:1      | Found a faded altar of an unknown god.
    18 | D:1      | Noticed a shining eye
    18 | D:1      | Noticed a great orb of eyes
    18 | D:1      | Noticed a shining eye
   661 | D:2      | Reached XP level 2. HP: 15/19 MP: 2/2
   741 | D:2      | Noticed Natasha
   745 | D:2      | Noticed a crimson imp
   749 | D:2      | Slain by Natasha

Illustrated notes

Levels and vault maps discovered:
D:1:      amcnicky_arrival_blooded_trapdoor, layout_basic,
          hellmonk_ecumenical_altar_watching_god
D:2:      layout_basic, serial_shops, shop, lexackson_kobold_supper,
          uniq_natasha

Skill      XL: |  1 |
---------------+----+-----
Long Blades    | 2 |  2.1
Fighting       | |  3.3
Armour         | |  3.5
Dodging        | |  0.3
Shields        | |  3.5

Action                   || total
-------------------------++-------
Melee: Long sword        ||    41
  Use: Scroll            ||     3
Armor: Scale mail        ||    15
Dodge: Dodged            ||    20
Block: Buckler           ||     6

Table legend: (Time is in decaauts)
 A = Elapsed time spent in this place.
 B = Non-inter-level travel time spent in this place.
 C = Inter-level travel time spent in this place.
 D = Time resting spent in this place.
 E = Time spent auto-exploring this place.
 F = Levels seen in this place.
 G = Mean time per level.
                   A        B        C        D        E       F      G
               +--------+--------+--------+--------+--------+-----+--------+
         Total |    761 |    752 |      9 |      0 |    627 |   2 |  380.5 |
       Dungeon |    761 |    752 |      9 |      0 |    627 |   2 |  380.5 |
               +--------+--------+--------+--------+--------+-----+--------+

Top non-repeatable levels by time:
     D:1: 645 daAuts
     D:2: 116 daAuts
